Map: Lightshade LE

Players

Rex - Winner!

  • Race: Zerg Zerg

ExpecT

  • Race: Terran Terran

VOD

Have the link to the VOD?

Description

Time

  • Played on: Sept. 29, 2021, 7:30 a.m.
  • Length: 10:25
Show
View Real Time Build Order
Export as new Build Order

Rex Zerg - Winner!

Build Orders: Hatch First 

Get SALT Encoding   

  12  0:00  Drone  
  13  0:12  Overlord  
  13  0:16  Drone  
  14  0:31  Drone x2  
  16  0:48  Hatchery  
  15  0:51  Drone  
  15  0:54  Drone  
  17  0:57  Drone  
  18  1:08  Extractor  
  17  1:13  Spawning Pool  
  17  1:16  Drone  
  17  1:19  Drone  
  18  1:28  Drone  
  19  1:39  Drone  
  20  1:50  Drone  
  21  2:00  Queen x2  
  21  2:01  Zergling x4  
  27  2:10  Overlord  
  27  2:11  Drone  
  28  2:22  Hatchery  
  27  2:30  Drone x2  
  27  2:32  Spore Crawler  
  27  2:34  Drone  
  30  2:39  Queen  
  30  2:44  Drone  
  33  2:46  Overlord  
  33  2:50  Drone  
  34  2:53  Drone  
  34  2:54  Drone  
  36  2:58  Metabolic Boost  
  36  3:09  Drone x4  
  40  3:15  Spore Crawler  
  40  3:18  Queen  
  41  3:22  Overlord  
  42  3:27  Drone x2  
  44  3:34  Queen  
  44  3:35  Overlord  
  44  3:37  Drone x3  
  44  3:39  Drone  
  50  3:43  Drone x2  
  50  3:47  Queen  
  54  3:55  Drone x5  
  59  3:59  Overlord  
  59  4:02  Overlord  
  59  4:07  Zergling x6  
  62  4:12  Overlord  
  62  4:16  Lair  
  62  4:18  Drone, Extractor  
  62  4:20  Drone x3  
  62  4:22  Drone  
  65  4:26  Queen  
  67  4:32  Drone  
  67  4:34  Drone x5  
  73  4:39  Baneling Nest  
  73  4:41  Spore Crawler  
  73  4:43  Drone  
  73  4:44  Drone, Spore Crawler x2  
  71  4:48  Drone x2  
  71  4:50  Drone x2  
  75  4:55  Drone x2  
  75  4:56  Drone x3  
  75  4:58  Extractor  
  80  5:00  Drone x2, Extractor  
  80  5:01  Extractor  
  80  5:02  Drone  
  80  5:03  Drone  
  81  5:07  Drone x3  
  81  5:11  Drone x2  
  86  5:15  Queen, Extractor  
  86  5:18  Drone, Spire  
  87  5:25  Zergling x4  
  89  5:33  Baneling x5, Overlord  
  89  5:39  Queen  
  89  5:40  Spore Crawler  
  89  5:41  Overlord  
  90  5:50  Overlord x3  
  90  5:51  Queen, Overlord  
  91  5:57  Drone x6  
  91  5:58  Drone  
  91  6:00  Drone  
  99  6:08  Drone  
  97  6:14  Drone  
  97  6:15  Drone x4  
  97  6:16  Drone  
  102  6:19  Drone  
  102  6:22  Drone  
  100  6:33  Mutalisk x6  
  100  6:35  Hatchery  
  100  6:39  Mutalisk  
  111  6:43  Zerg Flyer Weapons Level 1  
  113  6:47  Hatchery, Mutalisk  
  113  6:50  Mutalisk  
  113  6:52  Zergling x4  
  113  6:53  Zergling x2  
  113  6:54  Zergling x6  
  122  6:55  Hatchery, Zergling x2  
  122  6:56  Overseer  
  122  7:01  Evolution Chamber  
  122  7:02  Evolution Chamber  
  122  7:04  Zergling x8  
  124  7:09  Zergling x8  
  124  7:13  Baneling x9  
  128  7:18  Zergling x6  
  131  7:25  Overlord  
  131  7:26  Overlord x4  
  131  7:29  Zerg Melee Weapons Level 1  
  131  7:31  Centrifugal Hooks  
  131  7:41  Zerg Ground Armor Level 1  
  131  7:43  Overlord x4  
  131  7:50  Drone x7  
  136  7:54  Mutalisk x2  
  136  7:58  Pneumatized Carapace  
  140  8:03  Infestation Pit  
  140  8:04  Mutalisk  
  141  8:06  Drone x2  
  141  8:07  Drone x3  
  141  8:11  Zergling x10  
  151  8:15  Spore Crawler  
  150  8:26  Baneling x15  
  150  8:27  Zergling x12  
  151  8:40  Zergling x20, Spore Crawler  
  151  8:41  Zergling x6  
  163  8:49  Zergling x20  
  163  8:53  Hive  
  173  8:58  Baneling x6  
  173  9:01  Mutalisk  
  175  9:08  Overlord  
  175  9:10  Zergling x22  
  186  9:18  Drone  
  186  9:19  Drone, Extractor x2  
  180  9:32  Mutalisk x5  
  180  9:36  Zergling x36  
  189  9:41  Baneling x5  
  189  9:42  Zergling x10  
  190  9:47  Zergling x2  
  190  9:49  Zergling x8  
  182  9:57  Zergling x16  
  174  10:01  Zergling x6  
Show
View Real Time Build Order
Export as new Build Order

ExpecT Terran 

Build Orders: Reaper Expand 

Get SALT Encoding   

  12  0:00  SCV  
  13  0:12  SCV  
  14  0:17  Supply Depot  
  14  0:26  SCV  
  15  0:38  SCV  
  15  0:39  Barracks  
  16  0:44  Refinery  
  16  0:50  SCV  
  17  1:03  SCV  
  18  1:15  SCV  
  19  1:27  Reaper  
  19  1:28  Orbital Command  
  20  1:39  Command Center  
  20  1:51  Supply Depot  
  21  1:54  SCV  
  21  2:00  Marine  
  22  2:07  Factory, SCV  
  23  2:19  SCV  
  23  2:20  Barracks Reactor  
  24  2:31  SCV  
  25  2:40  Command Center  
  25  2:43  SCV  
  26  2:51  Orbital Command  
  26  2:55  SCV  
  27  3:00  Starport  
  27  3:06  Refinery  
  27  3:16  Hellion x2  
  27  3:19  SCV  
  32  3:20  SCV  
  33  3:30  Marine  
  33  3:31  SCV  
  33  3:33  SCV  
  36  3:42  Fusion Core  
  36  3:43  SCV  
  36  3:45  Hellion x2, SCV  
  36  3:48  Starport Tech Lab  
  42  3:49  Marine  
  42  3:54  Orbital Command  
  43  3:56  SCV  
  44  4:03  SCV  
  44  4:06  Hellion x2  
  44  4:08  SCV  
  50  4:10  Refinery  
  50  4:15  SCV  
  51  4:20  SCV  
  52  4:26  Supply Depot  
  52  4:27  SCV x2  
  54  4:33  SCV  
  55  4:40  Battlecruiser  
  55  4:44  Supply Depot  
  61  4:47  Hellion x2, SCV x2  
  61  4:50  Supply Depot  
  61  4:51  Barracks Tech Lab  
  67  4:55  SCV  
  68  5:01  Orbital Command  
  68  5:03  SCV  
  68  5:05  Barracks x2  
  69  5:07  SCV  
  69  5:09  Armory  
  69  5:13  Supply Depot  
  70  5:15  Supply Depot, SCV  
  70  5:21  Stimpack  
  71  5:23  Hellion x2  
  71  5:25  SCV  
  76  5:28  SCV x2  
  76  5:29  Refinery  
  76  5:33  Marine  
  79  5:37  Engineering Bay  
  79  5:38  Engineering Bay  
  79  5:39  SCV  
  79  5:40  SCV  
  79  5:41  SCV  
  82  5:51  SCV  
  82  5:55  Starport Reactor  
  82  5:57  SCV  
  84  6:03  Barracks Reactor  
  84  6:05  Barracks  
  84  6:06  Barracks  
  84  6:10  SCV x2  
  75  6:12  Marine x2  
  75  6:13  Marine  
  75  6:15  SCV  
  75  6:18  Terran Infantry Weapons Level 1, Terran Infantry Armor Level 1  
  77  6:22  SCV x2  
  75  6:27  SCV  
  75  6:30  Siege Tank, Marine x3  
  75  6:31  Medivac  
  75  6:32  Medivac  
  86  6:34  SCV x2  
  86  6:37  Refinery  
  86  6:39  SCV  
  89  6:40  Supply Depot, Bunker  
  89  6:42  Supply Depot, Missile Turret  
  89  6:44  Missile Turret  
  89  6:45  Marine x2  
  91  6:48  Marine x2  
  91  6:50  Drilling Claws, SCV  
  91  6:51  SCV  
  91  6:53  Factory  
  95  6:54  Barracks Reactor x2  
  95  6:58  Missile Turret, SCV, Marine  
  97  7:02  Marine  
  97  7:03  Missile Turret, Marine  
  97  7:06  Marine x2  
  104  7:16  Marine  
  104  7:18  Thor  
  104  7:20  Marine  
  109  7:22  Supply Depot  
  109  7:23  Supply Depot  
  109  7:24  Marine x3  
  112  7:37  Medivac x2  
  112  7:38  Marine  
  112  7:39  Factory Reactor  
  112  7:44  Marine x7  
  117  7:47  Command Center  
  117  7:49  Supply Depot  
  117  7:50  Supply Depot  
  124  7:51  Supply Depot  
  124  7:54  Combat Shield, Marine  
  124  7:55  Marine  
  126  8:01  Marine x2  
  126  8:02  Marauder  
  126  8:03  Supply Depot  
  130  8:10  Barracks x2  
  130  8:11  Barracks, Thor  
  136  8:16  Marine x4  
  136  8:17  Marine x2  
  142  8:21  Widow Mine x2  
  143  8:29  Bunker  
  143  8:30  Supply Depot  
  143  8:33  Marauder, Marine x3  
  148  8:37  Supply Depot  
  148  8:39  Supply Depot  
  148  8:42  Marine x4  
  148  8:47  Widow Mine  
  148  8:48  Widow Mine  
  156  8:52  Medivac x2  
  156  8:55  Marauder  
  162  8:57  Marine  
  162  8:58  Thor  
  162  9:00  Barracks Tech Lab x2  
  162  9:02  Barracks Tech Lab  
  169  9:05  Marine x4  
  173  9:13  Marine x3  
  173  9:15  Marine  
  173  9:16  Marauder  
  179  9:21  Supply Depot  
  179  9:22  Supply Depot  
  179  9:23  Marine x2  
  181  9:24  Marine x2  
  181  9:25  Marauder  
  181  9:30  Missile Turret  
  185  9:34  Marine x5  
  185  9:37  Marauder  
  185  9:38  Widow Mine x2  
  137  9:42  Marine x2  
  137  9:43  Marauder  
  123  9:48  Marine  
  123  9:49  Marauder, Marine  
  123  9:51  Marine  
  123  9:52  Marauder  
  108  9:55  Marine x2  
  95  10:01  Marine  
  95  10:02  Marine  
Tags
 
Add a new tag
Caveats
  • Supply blocks, unpowered buildings, or Contaminate may cause inaccurate times.
  • Supply counts are checked every 10 seconds.